 Dungeon Crawl Stone Soup version 0.29-a0-321-gf1c400731a (webtiles) character file.

Game seed: 7709735080316646089

19 Hubjo the Skirmisher (level 2, -3/24 HPs)
             Began as a Demonspawn Monk on Apr 4, 2022.
             Slain by Sigmund
             ... wielding a +1 vorpal scythe
              (10 damage)
             ... on level 2 of the Dungeon.
             The game lasted 00:00:55 (1007 turns).

Hubjo the Skirmisher (Demonspawn Monk)              Turns: 1007, Time: 00:00:56

Health: -3/24      AC:  2    Str: 11    XL:     2   Next: 55%
Magic:  2/2        EV: 12    Int: 11    God:
Gold:   50         SH:  0    Dex: 15    Spells: 2/2 levels left

rFire   . . .      SeeInvis .   a - +0 short sword
rCold   . . .      Faith    .   (no shield)
rNeg    . . .      Spirit   .   b - +0 robe
rPois   .          Reflect  .   (no helmet)
rElec   .          Harm     .   (no cloak)
rCorr   .          Rampage  .   (no gloves)
Will    .....                   (no boots)
Stlth   ++........              (no amulet)
HPRegen 0.08/turn               (no ring)
MPRegen 0.08/turn               (no ring)

@: no status effects
A: powered by death 1
a: no special abilities


You were on level 2 of the Dungeon.
You visited 1 branch of the dungeon, and saw 2 of its levels.

You collected 50 gold pieces.

Inventory:

Hand Weapons
 a - a +0 short sword (weapon)
Armour
 b - a +0 robe (worn)
 g - a +0 pair of gloves
Scrolls
 d - a scroll of enchant armour {unknown}
 h - a scroll of vulnerability {unknown}
 k - a scroll of magic mapping {unknown}
Potions
 e - a potion of curing {unknown}
 f - 2 potions of might {unknown}
 i - a potion of brilliance {unknown}
 j - a potion of mutation {unknown}
 l - a potion of heal wounds {unknown}


   Skills:
 * Level 3.4 Fighting
 - Level 2.6 Short Blades
 - Level 2.6 Dodging
 * Level 2.3 Stealth
 + Level 0.6 Spellcasting


You had 2 spell levels left.
You didn't know any spells.
Your spell library was empty.

Dungeon Overview and Level Annotations

Branches:
Dungeon (2/15)

Altars:

Annotations:
D:2 Sigmund


Innate Abilities, Weirdness & Mutations

You regenerate a little health from kills.


Message History

Sigmund the Dreaded comes into view.
He is wielding a +1 vorpal scythe.
Sigmund is nearby!
Sigmund is nearby!
Sigmund is nearby!
Sigmund is nearby!
The helpless Sigmund fails to defend himself.
You puncture Sigmund!
Sigmund is heavily wounded.
Sigmund hits you with a +1 vorpal scythe!
You are confused.
You feel invigorated.
You bump into the rock wall.
Sigmund hits you with a +1 vorpal scythe!
Ouch! That really hurt!
* * * LOW HITPOINT WARNING * * *
You bump into the rock wall.
Sigmund screams, "You will never...
NEVER!!!"
Sigmund hits you with a +1 vorpal scythe.
* * * LOW HITPOINT WARNING * * *
x2 You barely miss Sigmund.
Sigmund is heavily wounded.
You hit Sigmund but do no damage.
Sigmund is heavily wounded.
Sigmund completely misses you.
You bump into the rock wall.
You hit Sigmund.
Sigmund is heavily wounded.
Sigmund hits you with a +1 vorpal scythe!
You hit Sigmund but do no damage.
Sigmund is heavily wounded.
Sigmund is suddenly surrounded by pale blue light.
Sigmund gestures wildly while chanting.
Sigmund flickers and vanishes!
Deactivating autopickup; reactivate with Ctrl-A.
You completely miss something. Something hits you!
* * * LOW HITPOINT WARNING * * *
x2 You miss something.
You feel less invigorated.
You feel less confused.
You hit something but do no damage. Something hits you!
You die...

#.#.....#
#########.#(....#
#...............#
..........#.#.#.#
#.............#
#.#...........#
..##.#.#.....#.#.#
.........#####.#.#
..##.#.### #.#@# #
#.# #.#{# #.#
....# #.# #.#.#
#.# ....# #<#
.#.### ### #.#.# #


There were no monsters in sight!

Vanquished Creatures
  2 ball pythons (D:1)
  3 endoplasms (D:1)
  2 giant cockroaches (D:1)
  A goblin (D:1)
  A hobgoblin (D:1)
  A quokka (D:1)
  3 bats (D:1)
  5 rats (D:1)
18 creatures vanquished.

Notes
Turn   | Place    | Note
-------+----------+-------------------------------------------
     0 | D:1      | Hubjo the Demonspawn Monk began the quest for the Orb.
     0 | D:1      | Reached XP level 1. HP: 18/18 MP: 1/1
   206 | D:1      | Gained mutation: You regenerate a little health from kills.
                  | [demonic ancestry]
   206 | D:1      | Reached XP level 2. HP: 24/24 MP: 2/2
   992 | D:2      | Noticed Sigmund
  1007 | D:2      | Slain by Sigmund

Illustrated notes

Levels and vault maps discovered:
D:1:      dpeg_arrival_ratfight, layout_basic
D:2:      layout_basic, minmay_pentomino_w2, uniq_natasha, uniq_sigmund

Skill      XL: |  1 |
---------------+----+-----
Stealth        | 2 |  2.3
Fighting       | |  3.4
Short Blades   | |  2.6
Dodging        | |  2.6
Spellcasting   | |  0.6

Action                   || total
-------------------------++-------
Melee: Short sword       ||    65
  Use: Potion            ||     1
 Stab: Sleeping          ||     7
Armor: Robe              ||    12
Dodge: Dodged            ||    37

Table legend: (Time is in decaauts)
 A = Elapsed time spent in this place.
 B = Non-inter-level travel time spent in this place.
 C = Inter-level travel time spent in this place.
 D = Time resting spent in this place.
 E = Time spent auto-exploring this place.
 F = Levels seen in this place.
 G = Mean time per level.
                   A        B        C        D        E       F      G
               +--------+--------+--------+--------+--------+-----+--------+
         Total |   1005 |   1005 |      0 |      0 |    817 |   2 |  502.5 |
       Dungeon |   1005 |   1005 |      0 |      0 |    817 |   2 |  502.5 |
               +--------+--------+--------+--------+--------+-----+--------+

Top non-repeatable levels by time:
     D:1: 972 daAuts
     D:2: 32 daAuts
